 Dungeon Crawl Stone Soup version 0.31-a0-232-gb1c03b2570 (webtiles) character file.

Game seed: 3895085427231080266

103 qw the Shooter (level 4, -4/27 HPs)
             Began as a Gargoyle Hexslinger on July 7, 2023.
             Slain by an ogre
             ... wielding a +0 giant club
              (19 damage)
             ... on level 3 of the Dungeon.
             The game lasted 00:00:42 (2237 turns).

qw the Shooter (Gargoyle Hexslinger)                Turns: 2237, Time: 00:00:43

Health: -4/27      AC:  9    Str: 12    XL:     4   Next: 79%
Magic:  5/5        EV: 10    Int: 13    God:
Gold:   84         SH:  0    Dex: 14    Spells: 4/5 levels left

rFire   . . .        Y - +2 sling
rCold   . . .        (no shield)
rNeg    + . .        f - +0 ring mail
rPois   inf          (no helmet)
rElec   +            (no cloak)
rCorr   +            k - +0 pair of gloves
SInv    .            (no boots)
Will    .....        (no amulet)
Stlth   +            h - ring of resist corrosion
HPRegen 0.24/turn    (no ring)
MPRegen 0.09/turn

%: no passive effects
@: no status effects
A: sickness immunity, AC +3, negative energy resistance 1, electricity
resistance, torment resistance 1, petrification resistance
a: no special abilities


You were on level 3 of the Dungeon.
You visited 1 branch of the dungeon, and saw 3 of its levels.

You collected 84 gold pieces.


Innate Abilities, Weirdness & Mutations

You are immune to sickness and miasma.
Your stone body is resilient. (AC +3)
You are immune to poison.
You resist negative energy. (rN+)
You are resistant to electric shocks. (rElec)
You are resistant to unholy torment.
You are immune to petrification.


   Skills:
 - Level 2.3 Fighting
 + Level 4.1 Ranged Weapons
 - Level 1.1 Armour
 - Level 1.5 Dodging
 - Level 1.0 Spellcasting
 - Level 2.6 Hexes


You had 4 spell levels left.
You knew the following spells:

 Your Spells              Type           Power      Damage    Failure   Level
a - Slow                  Hex            28%        N/A       22%         1

Your spell library contained the following spells:

 Spells                   Type           Power      Damage    Failure   Level
 Inner Flame              Hex/Fire       4%         N/A       73%         3
 Portal Projectile        Hex/Tloc       8%         N/A       73%         3
 Cause Fear               Hex            3%         N/A       91%         4

Inventory:

Hand Weapons
 Y - a +2 sling (weapon)
Armour
 f - a +0 ring mail (worn)
 k - a +0 pair of gloves (worn)
Jewellery
 h - a ring of resist corrosion (left hand)
Scrolls
 a - 2 scrolls of amnesia {unknown}
 b - a scroll of identify
Potions
 c - a potion of degeneration {unknown}
 e - a potion of resistance {unknown}
 i - a potion of berserk rage {unknown}
 l - a potion of haste {unknown}

Dungeon Overview and Level Annotations

Branches:
Dungeon (3/15)

Altars:


Message History

You shoot a sling bullet. The sling bullet hits the jackal.
You kill the jackal!
The jackal bites you but does no damage.
The jackal barely misses you.
You shoot a sling bullet.
The sling bullet barely misses the jackal.
The jackal bites you. The jackal misses you.
You shoot a sling bullet. The sling bullet hits the jackal!
You kill the jackal!
You start resting.
HP restored.
Things that are here:
a jackal corpse; a jackal corpse An ogre comes into view.
It is wielding a +0 giant club.
The ogre shouts!
Enter note:
Enter note:
Enter note: You shoot a sling bullet.
The sling bullet hits the ogre.
The ogre is lightly wounded.
You shoot a sling bullet. The sling bullet hits the ogre.
The ogre is lightly wounded.
You shoot a sling bullet. The sling bullet hits the ogre.
The ogre is moderately wounded.
You shoot a sling bullet. The sling bullet hits the ogre.
The ogre is moderately wounded.
You shoot a sling bullet. The sling bullet hits the ogre.
The ogre is moderately wounded.
The ogre hits you with a +0 giant club!
You shoot a sling bullet.
The sling bullet barely misses the ogre.
The ogre closely misses you.
You shoot a sling bullet.
The sling bullet barely misses the ogre.
The ogre barely misses you.
You shoot a sling bullet. The sling bullet hits the ogre.
The ogre is severely wounded.
The ogre hits you with a +0 giant club!!
Ouch! That really hurt!
You die...

#...........#..%%........
##...######.##...)#######
##.## #.....#.#.# ###
#.###.#.#.# #.# #.....#
#.###.#.### #.....#.#
#######.# #@# #O# #.# #.#
... ... ... #...#


You could see an ogre.

Vanquished Creatures
  A hound (D:3)
  2 adders (D:2)
  A worm (D:3)
  2 dart slugs
  3 orcs (D:3)
  4 endoplasms
  4 hobgoblins
  3 jackals (D:3)
  3 kobolds
  2 quokkas (D:1)
  2 ball pythons (D:1)
  6 bats
  2 frilled lizards
  5 goblins
  A rat (D:1)
41 creatures vanquished.

Notes
Turn   | Place    | Note
-------+----------+-------------------------------------------
     0 | D:1      | qw the Gargoyle Hexslinger began the quest for the Orb.
     0 | D:1      | Reached XP level 1. HP: 12/12 MP: 2/2
     0 | D:1      | 0 ||| qw: Version: 0.3-a-46-gb1f654a
     0 | D:1      | 0 ||| qw: Game counter: 2640
     0 | D:1      | 0 ||| qw: Melee chars always use a shield: true
     0 | D:1      | 0 ||| qw: God list: Okawaru
     0 | D:1      | 0 ||| qw: Allow faded altars: false
     0 | D:1      | 0 ||| qw: Do Orc after clearing Dungeon:15 true
     0 | D:1      | 0 ||| qw: Do second Lair branch before Depths: true
     0 | D:1      | 0 ||| qw: Lair rune preference: random
     0 | D:1      | 0 ||| qw: Goals: Normal
     0 | D:1      | 0 ||| PLANNING D:1-11
   185 | D:1      | HP: 3/12 [kobold/+0 whip (2)]
   509 | D:1      | Reached XP level 2. HP: 15/16 MP: 3/3
   760 | D:1      | Reached skill level 3 in Ranged Weapons
   793 | D:1      | Found a faded altar of an unknown god.
  1085 | D:1      | 1085 ||| UPGRADING to +0 leather armour.
  1095 | D:1      | 1095 ||| DROPPING +0 robe.
  1096 | D:1      | 1096 ||| UPGRADING to +0 ring mail.
  1106 | D:1      | 1106 ||| DROPPING +0 leather armour.
  1107 | D:1      | 1107 ||| UPGRADING to +0 pair of gloves.
  1112 | D:1      | 1112 ||| UPGRADING to ring of resist corrosion.
  1113 | D:1      | 1113 ||| READING scroll labelled ETHION TELEH.
  1114 | D:1      | 1114 ||| READING scroll labelled GIAH VEIRRUWU.
  1115 | D:1      | 1115 ||| DROPPING scroll of poison.
  1419 | D:2      | 1419 ||| FLEEEEING.
  1420 | D:2      | 1420 ||| FLEEEEING.
  1421 | D:2      | 1421 ||| FLEEEEING.
  1422 | D:2      | 1422 ||| FLEEEEING.
  1423 | D:2      | 1423 ||| FLEEEEING.
  1461 | D:2      | Reached XP level 3. HP: 21/21 MP: 4/4
  1542 | D:2      | Reached skill level 1 in Armour
  1852 | D:2      | 1852 ||| READING 2 scrolls labelled MIOKYNK BESI.
  1869 | D:2      | 1869 ||| READING scroll labelled GAKASCH LONO.
  1870 | D:2      | 1870 ||| READING scroll labelled IFAGHERCH WEUDI.
  1871 | D:2      | 1871 ||| DROPPING scroll of torment.
  1958 | D:3      | Reached XP level 4. HP: 27/27 MP: 5/5
  2061 | D:3      | Reached skill level 4 in Ranged Weapons
  2229 | D:3      | Noticed an ogre
  2237 | D:3      | Slain by an ogre

Levels and vault maps discovered:
D:1:      minmay_arrival_widening_spiral_wide, layout_basic,
          chequers_ecumenical_altar_simple
D:2:      layout_basic, amcnicky_mini_corridor_feature
D:3:      layout_loops_corners, ebering_ghost_inner_flame

Skill      XL: |  1  2  3  4 |
---------------+-------------+-----
Ranged Weapons | 3 4 |  4.1
Fighting       | 2 |  2.3
Armour         | 1 |  1.1
Dodging        | |  1.5
Spellcasting   | |  1.0
Hexes          | |  2.6

Action                     |  1- 3 |  4- 6 || total
---------------------------+-------+-------++-------
   Fire: Sling             |   113 |    62 ||   175
    Use: Scroll            |     5 |       ||     5
 Armour: Robe              |    13 |       ||    13
         Ring mail         |    13 |    30 ||    43
  Dodge: Dodged            |    26 |    38 ||    64

Table legend:
 A = Non-vault XP
 B = Vault XP
 C = Vault XP percentage of total XP
 D = Non-vault monster count
 E = Vault monster count
 F = Vault count percentage of total count
                 A         B        C        D         E       F
            +---------+---------+-------+---------+---------+-------
      Total |     148 |       0 |   0.0 |      41 |       0 |   0.0
            +---------+---------+-------+---------+---------+-------
        D:1 |      24 |       0 |   0.0 |      13 |       0 |   0.0
        D:2 |      46 |       0 |   0.0 |      12 |       0 |   0.0
        D:3 |      78 |       0 |   0.0 |      16 |       0 |   0.0
            +---------+---------+-------+---------+---------+-------
